Map: Whitewater Line LE

Players

Daveytickler - Winner!

  • Race: Zerg Zerg
  • Spawn Location: 1:00

WAZPINATOR - Winner!

  • Race: Zerg Zerg
  • League: Diamond
  • Spawn Location: 1:00

DankCraft - Winner!

  • Race: Terran Terran
  • League: Diamond
  • Spawn Location: 12:00

tDVC

  • Race: Terran Terran
  • Spawn Location: 6:00

iAmSmartacus

  • Race: Zerg Zerg
  • Spawn Location: 7:00

JackReacher

  • Race: Protoss Protoss
  • Spawn Location: 7:00

VOD

Have the link to the VOD?

Description

Time

  • Played on: Sept. 7, 2022, 11:21 p.m.
  • Length: 15:06
Show
View Real Time Build Order
Export as new Build Order

Daveytickler Zerg - Winner!

Build Orders: Hatch First, Roach Hydra 

Get SALT Encoding   

  12  0:00  Drone  
  13  0:12  Overlord  
  13  0:21  Drone  
  14  0:30  Drone x2  
  16  0:53  Drone  
  16  0:55  Drone  
  18  0:58  Hatchery  
  17  1:04  Drone  
  17  1:09  Extractor  
  17  1:18  Spawning Pool  
  17  1:19  Drone  
  17  1:22  Drone  
  18  1:28  Drone  
  19  1:39  Drone  
  20  1:49  Overlord  
  20  2:10  Queen x2  
  20  2:11  Zergling x6  
  27  2:16  Metabolic Boost  
  27  2:21  Drone x2  
  29  2:34  Drone x2  
  31  2:44  Drone x2  
  33  2:52  Overlord  
  33  3:01  Roach Warren  
  33  3:03  Overlord  
  32  3:16  Zergling x6  
  32  3:17  Zergling x2  
  35  3:27  Drone x6  
  35  3:30  Spine Crawler  
  35  3:33  Overlord  
  40  3:47  Extractor  
  39  3:48  Extractor  
  39  3:49  Drone x3  
  39  3:50  Extractor  
  40  3:59  Queen x2  
  40  4:01  Overlord x2  
  43  4:17  Zergling x12  
  45  4:29  Zergling x2  
  45  4:30  Zergling x2  
  46  4:41  Roach x6  
  51  4:54  Roach x2  
  51  4:59  Drone x3  
  57  5:00  Lair  
  57  5:05  Roach x2  
  61  5:10  Ravager  
  62  5:16  Roach x2  
  62  5:27  Roach  
  62  5:28  Roach  
  63  5:36  Drone  
  63  5:37  Drone x2, Overlord  
  63  5:38  Overlord x2  
  66  5:47  Roach  
  68  5:50  Overlord x4  
  68  5:57  Glial Reconstitution  
  68  6:18  Drone x3  
  71  6:42  Roach x6, Evolution Chamber  
  82  6:48  Evolution Chamber  
  81  6:59  Hydralisk Den  
  81  7:00  Roach  
  81  7:01  Roach x2  
  86  7:13  Drone x2  
  88  7:23  Zerg Missile Weapons Level 1, Zerg Ground Armor Level 1  
  88  7:35  Roach x3  
  88  7:36  Roach x5  
  104  7:42  Overlord x2  
  104  7:52  Overseer x2  
  104  7:55  Pneumatized Carapace  
  104  7:56  Grooved Spines  
  104  8:01  Hydralisk x2  
  108  8:25  Hydralisk x5  
  118  8:27  Hatchery  
  117  8:35  Drone x5  
  122  8:46  Hydralisk  
  122  8:47  Hydralisk x2  
  128  9:08  Muscular Augments  
  126  9:14  Hydralisk x4  
  128  9:30  Overlord x4  
  128  9:32  Drone x4  
  132  9:41  Zerg Missile Weapons Level 2  
  132  9:44  Zerg Ground Armor Level 2  
  132  9:58  Roach x4  
  138  10:13  Overseer  
  138  10:14  Overseer x3  
  138  10:25  Hydralisk x6  
  150  10:33  Queen  
  152  10:35  Extractor  
  152  10:36  Extractor  
  150  11:08  Roach x6  
  150  11:09  Roach  
  158  11:27  Hydralisk  
  158  11:28  Hydralisk x3  
  158  11:30  Overlord x8  
  160  11:37  Overlord  
  160  11:38  Overlord x2  
  114  12:03  Roach x9  
  130  12:25  Overseer  
  130  12:26  Overseer  
  122  12:46  Roach x3  
  122  12:47  Roach x11  
  138  13:01  Hydralisk x4  
  146  13:33  Drone  
  146  13:34  Drone x4  
  151  13:35  Hydralisk x5  
  161  14:15  Hatchery  
  160  14:20  Hydralisk x9  
Show
View Real Time Build Order
Export as new Build Order

WAZPINATOR Zerg - Winner!

Build Orders: Hatch First 

Get SALT Encoding   

  12  0:01  Drone  
  13  0:13  Overlord  
  13  0:18  Drone  
  14  0:31  Drone x2  
  16  0:56  Hatchery  
  15  0:58  Drone x2  
  15  1:02  Drone  
  18  1:05  Extractor  
  17  1:19  Spawning Pool  
  17  1:22  Drone  
  17  1:27  Drone  
  17  1:31  Drone  
  19  1:42  Drone  
  20  1:54  Drone  
  21  1:59  Evolution Chamber  
  20  2:04  Drone  
  20  2:08  Queen x2  
  21  2:11  Zergling x2  
  26  2:18  Overlord  
  26  2:22  Drone  
  27  2:25  Drone  
  28  2:32  Zerg Melee Weapons Level 1  
  28  2:38  Drone x2  
  28  2:41  Drone  
  31  2:46  Metabolic Boost  
  31  2:57  Zergling x6  
  34  3:10  Hatchery  
  34  3:12  Drone  
  34  3:15  Zergling x2  
  34  3:16  Zergling x2  
  36  3:29  Overlord x2  
  36  3:40  Overlord  
  36  3:45  Lair  
  36  3:47  Drone x5  
  41  3:52  Drone  
  40  4:04  Zergling x10  
  42  4:12  Zergling x4  
  42  4:16  Queen  
  43  4:22  Zergling x2  
  43  4:23  Zergling x4  
  39  4:38  Zergling x2  
  39  4:39  Zergling x4  
  39  4:43  Zergling x2  
  39  4:45  Zergling x4  
  36  4:53  Queen  
  36  4:54  Queen  
  35  5:00  Zergling x12  
  35  5:05  Zergling x2  
  34  5:08  Zergling x2  
  34  5:11  Drone  
  34  5:15  Drone  
  34  5:16  Drone  
  36  5:22  Zergling x2  
  36  5:27  Zergling x4  
  39  5:30  Zergling x2  
  42  5:35  Drone x2  
  42  5:41  Zergling x2  
  41  5:45  Drone x2  
  43  5:57  Drone, Extractor  
  43  5:58  Hydralisk Den  
  43  6:01  Drone x2  
  43  6:07  Drone  
  44  6:15  Drone x3  
  47  6:21  Drone x2  
  47  6:25  Drone x2  
  51  6:27  Drone  
  52  6:36  Drone x4  
  56  6:48  Lurker Den, Grooved Spines  
  56  6:49  Drone x2  
  57  7:04  Overlord  
  57  7:05  Overlord  
  57  7:14  Overlord, Queen, Extractor x2  
  57  7:23  Zergling x16  
  57  7:24  Drone x2  
  67  7:31  Overlord  
  67  7:40  Drone x3  
  67  7:43  Drone x2  
  72  7:47  Drone x2  
  72  7:50  Extractor, Nydus Network  
  72  7:51  Drone  
  73  7:52  Extractor  
  73  7:55  Drone x2  
  73  7:56  Drone  
  75  8:02  Pneumatized Carapace  
  75  8:04  Overlord  
  75  8:15  Hydralisk x2  
  75  8:18  Hydralisk  
  81  8:20  Nydus Network  
  81  8:25  Drone x4  
  84  8:29  Drone x2  
  84  8:30  Drone  
  87  8:38  Hydralisk x2  
  91  8:43  Lurker x2  
  93  8:50  Hydralisk x2  
  93  8:54  Overseer  
  93  8:55  Overseer  
  97  9:10  Muscular Augments  
  97  9:12  Hatchery  
  96  9:19  Overseer  
  96  9:20  Overlord  
  96  9:21  Overlord  
  96  9:39  Drone x9  
  96  9:44  Overlord x4  
  105  10:02  Hydralisk x9  
  123  10:17  Overlord  
  123  10:18  Overlord x2  
  123  10:20  Overseer x2  
  123  10:22  Hydralisk  
  123  10:23  Hydralisk x3  
  131  10:29  Hydralisk x3  
  137  10:45  Nydus Canal x2  
  137  10:47  Hydralisk x6  
  149  11:01  Hydralisk  
  149  11:02  Hydralisk x4  
  149  11:04  Zergling x6  
  160  11:07  Nydus Canal  
  160  11:08  Nydus Canal  
  162  11:12  Hydralisk  
  162  11:13  Hydralisk  
  162  11:15  Hydralisk  
  162  11:34  Nydus Canal  
  162  11:35  Nydus Canal  
  162  11:37  Hydralisk x7  
  156  11:56  Nydus Canal x2  
  156  11:57  Hydralisk  
  156  11:58  Hydralisk x5  
  161  12:16  Zerg Melee Weapons Level 2  
  141  12:31  Nydus Canal x2  
  141  12:33  Hydralisk x3  
  141  12:34  Hydralisk  
  141  12:35  Overlord x4  
  147  12:40  Zergling x14  
  154  12:51  Hydralisk x3  
  148  12:57  Hydralisk x4  
  156  13:06  Hydralisk x2  
  148  13:25  Hatchery  
  146  13:27  Hatchery  
  146  13:31  Nydus Canal  
  145  13:34  Hydralisk  
  145  13:48  Hydralisk  
  145  13:49  Hydralisk  
  126  14:02  Hatchery, Hydralisk  
  114  14:18  Hydralisk x2  
  118  14:25  Hydralisk  
  122  14:55  Nydus Canal  
Show
View Real Time Build Order
Export as new Build Order

DankCraft Terran - Winner!

Build Orders:  

Get SALT Encoding   

  12  0:00  SCV  
  13  0:12  SCV  
  14  0:19  Supply Depot  
  14  0:25  SCV  
  15  0:41  Refinery, SCV  
  16  0:45  Barracks  
  16  0:53  SCV  
  17  1:05  SCV  
  17  1:08  Supply Depot  
  18  1:16  Refinery  
  18  1:17  SCV  
  19  1:29  SCV  
  20  1:41  Reaper, SCV  
  22  1:53  SCV  
  23  1:58  Ghost Academy  
  23  2:05  SCV  
  24  2:08  Supply Depot  
  24  2:17  SCV  
  26  2:30  SCV  
  26  2:31  Personal Cloaking  
  26  2:39  Ghost Academy  
  26  2:42  Factory  
  26  2:46  Orbital Command  
  26  2:58  Supply Depot  
  26  3:00  Barracks Tech Lab  
  26  3:10  Engineering Bay  
  26  3:30  Hellion  
  26  3:31  Ghost  
  29  3:40  Factory  
  29  3:46  Nuke  
  29  3:54  Hellion  
  31  4:22  Factory Tech Lab  
  31  4:37  Factory Tech Lab  
  29  4:41  Ghost  
  31  4:58  Cyclone x2  
  35  5:11  Command Center  
  35  5:19  Nuke  
  35  5:30  Hellion  
  35  5:31  Hellion  
  35  5:42  SCV  
  32  5:52  Hellion x2  
  32  5:54  SCV  
  37  6:06  SCV  
  38  6:21  Missile Turret  
  38  6:22  Missile Turret  
  38  6:26  Nuke  
  38  6:29  Siege Tank  
  41  6:41  SCV  
  42  6:52  Nuke  
  42  6:53  SCV  
  43  7:24  Planetary Fortress  
  43  7:26  SCV  
  44  7:32  Supply Depot  
  44  7:34  Supply Depot  
  44  7:35  Supply Depot x2  
  44  7:38  SCV  
  45  7:50  SCV  
  46  7:51  Nuke  
  46  8:02  SCV  
  47  8:10  Nuke  
  47  8:11  SCV  
  48  8:14  SCV  
  48  8:15  Missile Turret  
  49  8:23  SCV  
  49  8:27  SCV  
  51  8:35  SCV  
  51  8:39  SCV  
  53  8:45  Nuke  
  53  8:47  SCV  
  54  8:51  SCV  
  55  8:59  SCV  
  56  9:03  SCV  
  57  9:11  SCV  
  57  9:15  SCV  
  59  9:24  SCV, Nuke  
  58  9:27  SCV  
  58  9:30  Ghost  
  61  9:35  Refinery  
  61  9:36  Refinery, SCV  
  62  9:39  SCV, Command Center  
  63  9:48  SCV  
  63  9:51  SCV  
  65  10:00  SCV  
  65  10:01  Siege Tank  
  65  10:03  SCV  
  70  10:12  SCV  
  69  10:22  Ghost  
  69  10:25  Nuke  
  71  10:29  Siege Tank  
  71  10:33  Supply Depot  
  74  10:35  Supply Depot  
  74  10:38  Supply Depot  
  66  11:23  Nuke x2  
  64  11:31  Siege Tank x2  
  70  12:03  Siege Tank  
  73  12:14  Siege Tank  
  73  12:15  Ghost  
  73  12:16  Nuke  
  75  12:29  Nuke  
  75  12:35  Siege Tank  
  78  12:48  Ghost  
  78  12:50  Siege Tank  
  83  13:07  Siege Tank  
  83  13:09  Nuke  
  86  13:21  Planetary Fortress  
  86  13:37  Nuke  
  86  13:49  Ghost  
Show
View Real Time Build Order
Export as new Build Order

tDVC Terran 

Build Orders:  

Get SALT Encoding   

  12  0:00  SCV  
  13  0:12  SCV  
  14  0:18  Supply Depot  
  14  0:24  SCV  
  15  0:39  SCV  
  16  0:42  Refinery  
  16  0:45  Barracks  
  16  0:52  SCV  
  17  1:07  SCV  
  18  1:19  SCV  
  19  1:32  Supply Depot  
  19  1:33  Orbital Command  
  19  1:36  Marine  
  20  1:46  Factory  
  20  1:58  Marine  
  20  2:00  SCV  
  22  2:10  Command Center  
  22  2:13  SCV  
  23  2:17  Barracks Reactor  
  23  2:26  SCV  
  24  2:38  Refinery, SCV  
  25  2:50  SCV  
  26  2:51  Starport  
  26  2:59  Barracks Tech Lab  
  26  3:01  Hellion x2  
  26  3:02  SCV  
  31  3:19  Stimpack, Supply Depot  
  31  3:21  Marine, SCV  
  31  3:23  Orbital Command  
  33  3:27  Hellion  
  33  3:31  Hellion  
  33  3:33  SCV  
  38  3:44  Marine, Medivac  
  38  3:46  SCV  
  42  3:49  Supply Depot  
  42  3:58  SCV  
  42  4:00  Hellion  
  42  4:01  Hellion  
  47  4:27  Hellion, SCV x2  
  47  4:28  Hellion  
  51  4:39  SCV x2  
  50  4:51  SCV  
  49  5:01  Hellion x2, SCV  
  49  5:03  SCV  
  49  5:06  Command Center  
  55  5:10  Supply Depot  
  55  5:12  Supply Depot  
  55  5:14  SCV  
  56  5:15  SCV  
  57  5:26  SCV  
  57  5:27  SCV  
  55  5:38  SCV  
  47  5:43  SCV  
  47  5:48  Refinery, Engineering Bay  
  47  5:49  Engineering Bay  
  42  5:50  Refinery, SCV  
  42  5:52  Marine  
  42  5:53  Hellion x2  
  42  5:54  Starport Reactor  
  42  5:55  SCV  
  49  5:57  Barracks  
  49  5:58  Barracks  
  49  6:02  SCV  
  50  6:07  SCV  
  51  6:14  SCV  
  51  6:15  Marine  
  51  6:16  Supply Depot  
  53  6:18  Combat Shield  
  53  6:19  SCV  
  53  6:23  Orbital Command  
  54  6:26  SCV  
  54  6:29  Widow Mine x2  
  54  6:31  SCV  
  60  6:36  Supply Depot  
  60  6:38  SCV, Factory  
  61  6:52  Barracks Reactor  
  50  6:57  SCV  
  50  6:58  SCV  
  50  6:59  Barracks Reactor  
  50  7:00  Missile Turret  
  52  7:06  Terran Infantry Weapons Level 1, Terran Infantry Armor Level 1  
  52  7:08  Hellion, Marauder  
  56  7:09  Hellion, Medivac  
  56  7:10  Medivac, SCV x2  
  64  7:22  Factory Tech Lab, SCV  
  65  7:23  SCV  
  65  7:26  Orbital Command  
  66  7:32  Marine x2  
  66  7:33  Marine  
  66  7:34  Widow Mine x2, SCV  
  66  7:35  SCV  
  75  7:46  SCV  
  75  7:47  SCV  
  77  7:54  Marine x4  
  77  7:55  Marauder  
  83  8:02  Widow Mine x3  
  89  8:08  Armory  
  89  8:11  Supply Depot x2  
  89  8:26  Marine x5  
  85  8:32  Medivac x2  
  85  8:33  Widow Mine x2  
  93  8:36  Supply Depot x2  
  93  8:38  Supply Depot x2  
  93  8:43  Barracks x2  
  93  8:44  Barracks  
  93  8:51  Orbital Command  
  93  8:59  Marine x4, Marauder  
  92  9:20  SCV x3  
  92  9:21  Marauder  
  92  9:24  Marine x4  
  94  9:26  Widow Mine x3  
  104  9:32  SCV x3  
  107  9:42  Marauder  
  109  9:46  SCV x3  
  112  9:56  Missile Turret  
  112  9:58  SCV x3  
  112  9:59  Marine x2  
  117  10:00  Barracks Tech Lab x2  
  117  10:03  Marine, Marauder  
  117  10:04  Marine x2  
  115  10:08  Widow Mine x2  
  119  10:17  Marine x2, Supply Depot x3  
  121  10:21  Marine  
  121  10:22  SCV x3  
  121  10:24  Marine, Missile Turret  
  121  10:25  Marauder  
  121  10:27  Concussive Shells  
  128  10:29  Marauder x2  
  128  10:30  Barracks Reactor  
  128  10:34  SCV  
  133  10:38  SCV x2  
  133  10:41  Supply Depot x2  
  133  10:46  SCV, Marauder  
  136  10:50  SCV x2  
  136  10:55  Terran Infantry Weapons Level 2, Terran Infantry Armor Level 2  
  138  10:58  SCV  
  123  11:21  Marine x4  
  123  11:22  Marine, Marauder  
  126  11:45  Marine x3  
  126  11:46  Marauder  
  131  11:56  Marine  
  131  11:57  Marine x3, Marauder  
  112  12:02  Marine  
  112  12:06  SCV  
  112  12:07  SCV x2, Marauder  
  118  12:09  Marine  
  119  12:15  Marauder  
  119  12:19  Marauder  
  121  12:28  Marauder  
  123  12:31  Marine x2  
  123  12:32  Marine x4  
  126  12:37  Medivac, Marauder  
  126  12:40  Marauder  
  128  12:47  Command Center  
  128  12:49  Marine x4  
  128  12:50  Marauder  
  130  12:52  Widow Mine x2  
  135  12:58  Marauder  
  135  13:02  Marauder  
  137  13:14  Widow Mine  
  137  13:36  Marine  
  137  13:37  Marine x5  
  143  13:55  Marine x4  
  129  13:56  Marine, Marauder  
  129  14:00  Barracks  
  135  14:07  Barracks  
  134  14:13  Marine x2  
  134  14:14  Marauder  
Show
View Real Time Build Order
Export as new Build Order

iAmSmartacus Zerg 

Build Orders: Pool First 

Get SALT Encoding   

  12  0:01  Drone  
  13  0:10  Drone  
  14  0:17  Overlord  
  14  0:26  Extractor  
  14  0:27  Drone  
  14  0:29  Extractor  
  14  0:30  Drone  
  16  0:36  Drone  
  17  0:47  Spawning Pool  
  16  0:50  Extractor  
  16  0:52  Drone  
  16  0:57  Drone  
  17  1:07  Drone  
  18  1:16  Drone  
  19  1:27  Drone  
  20  1:34  Hatchery  
  19  1:41  Zergling x2  
  20  1:50  Overlord  
  20  1:51  Metabolic Boost  
  20  1:57  Queen  
  22  2:10  Zergling x2  
  23  2:20  Zergling x2  
  24  2:25  Zergling x2  
  25  2:46  Zergling x6  
  25  2:48  Queen  
  30  2:56  Zergling x2  
  30  2:57  Zergling x2  
  31  3:31  Zergling x2  
  31  3:32  Zergling x6  
  31  3:33  Overlord x2  
  34  4:05  Zergling x12  
  33  4:19  Zergling x12  
  37  4:49  Zergling x10  
  39  4:56  Zergling x14  
  43  5:12  Drone x2  
  43  5:28  Drone x6  
  31  5:50  Drone x5  
  36  6:02  Lair  
  36  6:06  Evolution Chamber  
  36  6:08  Evolution Chamber  
  36  6:09  Extractor  
  36  6:10  Hatchery  
  32  6:11  Drone  
  32  6:12  Drone x5  
  32  6:14  Extractor  
  32  6:16  Extractor  
  32  6:17  Spore Crawler  
  35  6:19  Drone, Spore Crawler  
  35  6:26  Drone x2  
  35  6:29  Drone x2  
  35  6:31  Drone  
  40  6:33  Drone  
  40  6:36  Drone  
  42  6:53  Overlord x2  
  42  6:55  Drone x2  
  42  6:56  Drone x3  
  42  6:58  Drone  
  42  6:59  Overseer  
  42  7:00  Pneumatized Carapace  
  48  7:08  Zerg Missile Weapons Level 1  
  48  7:09  Zerg Ground Armor Level 1  
  48  7:14  Overseer  
  48  7:27  Queen  
  48  7:29  Drone x7  
  57  7:35  Spore Crawler  
  57  7:36  Spore Crawler  
  55  7:39  Drone x2  
  53  8:06  Hydralisk Den  
  53  8:08  Baneling Nest  
  53  8:11  Roach Warren  
  53  8:12  Drone x3  
  53  8:16  Infestation Pit  
  52  8:22  Spore Crawler  
  52  8:25  Spore Crawler  
  50  8:38  Drone x9  
  53  9:17  Hatchery  
  52  9:53  Hydralisk x8  
  68  10:03  Grooved Spines  
  68  10:04  Centrifugal Hooks  
  68  10:05  Zerg Ground Armor Level 2, Zerg Missile Weapons Level 2  
  68  10:07  Overlord x3  
  68  10:11  Hive  
  68  10:20  Extractor  
  67  10:21  Extractor  
  67  10:26  Hydralisk x5  
  67  10:27  Roach x4  
  84  10:31  Roach x2  
  88  10:38  Overlord  
  88  10:46  Drone x3  
  88  10:47  Drone  
  92  10:56  Roach x3  
  97  11:14  Muscular Augments  
  90  11:20  Hydralisk x8  
  82  11:40  Hydralisk x5  
Show
View Real Time Build Order
Export as new Build Order

JackReacher Protoss 

Build Orders:  

Get SALT Encoding   

  12  0:01  Probe (Chrono Boost)  
  13  0:13  Probe (Chrono Boost)  
  14  0:19  Probe (Chrono Boost)  
  15  0:30  Pylon  
  15  0:48  Probe  
  16  0:51  Gateway  
  16  0:54  Gateway  
  16  1:00  Probe  
  17  1:06  Forge  
  17  1:12  Probe (Chrono Boost)  
  18  1:21  Assimilator  
  18  1:22  Probe (Chrono Boost)  
  19  1:27  Assimilator, Probe (Chrono Boost)  
  20  1:39  Probe  
  21  1:44  Cybernetics Core  
  21  1:50  Photon Cannon  
  21  2:00  Pylon  
  21  2:14  Probe (Chrono Boost)  
  22  2:23  Photon Cannon  
  22  2:24  Probe (Chrono Boost)  
  22  2:29  Probe (Chrono Boost)  
  23  2:30  Stalker  
  23  2:33  Stalker  
  28  2:46  Shield Battery  
  28  2:57  Warp Gate  
  28  3:12  Nexus  
  28  3:24  Pylon  
  28  3:33  Photon Cannon  
  28  3:50  Stalker x2  
  28  4:52  Probe (Chrono Boost)  
  29  4:56  Assimilator  
  29  4:59  Stalker x2  
  33  5:00  Assimilator  
  29  5:44  Photon Cannon  
  29  5:45  Photon Cannon  
  29  5:47  Pylon  
  29  5:48  Probe (Chrono Boost)  
  27  5:58  Probe (Chrono Boost), Shield Battery  
  27  6:01  Pylon  
  27  6:03  Probe (Chrono Boost)  
  27  6:04  Pylon  
  27  6:11  Stargate  
  28  6:15  Probe  
  28  6:16  Stargate  
  29  6:22  Stargate  
  29  6:27  Probe, Pylon  
  30  6:33  Pylon  
  30  6:59  Fleet Beacon  
  30  7:01  Stargate  
  30  7:07  Probe (Chrono Boost)  
  31  7:17  Probe (Chrono Boost)  
  31  7:22  Probe (Chrono Boost)  
  33  7:33  Probe  
  34  7:41  Nexus  
  42  7:45  Void Ray x2  
  42  7:46  Probe  
  43  7:56  Pylon  
  43  7:58  Probe (Chrono Boost), Pylon  
  44  8:09  Probe (Chrono Boost)  
  45  8:14  Probe (Chrono Boost)  
  46  8:24  Probe  
  55  8:35  Void Ray x2  
  55  8:36  Probe, Carrier  
  62  8:54  Photon Cannon  
  62  8:56  Photon Cannon  
  62  9:00  Photon Cannon  
  62  9:02  Shield Battery  
  62  9:18  Carrier  
  68  10:25  Probe (Chrono Boost)  
  68  10:27  Carrier x2 (Chrono Boost)  
  68  10:28  Carrier (Chrono Boost)  
  69  10:35  Probe (Chrono Boost)  
  94  10:40  Probe (Chrono Boost)  
  95  10:52  Probe  
  96  11:04  Probe  
  44  12:23  Stargate  
  44  12:25  Stargate  
  44  12:28  Stargate  
  44  12:29  Stargate  
Tags
 
Add a new tag
Caveats
  • Supply blocks, unpowered buildings, or Contaminate may cause inaccurate times.
  • Supply counts are checked every 10 seconds.